Map: Récif abyssal EC

Players

StoyanK

  • Race: Zerg Zerg
  • League: Diamond
  • Spawn Location: 11:00

defer - Winner!

  • Race: Protoss Protoss
  • League: Silver
  • Spawn Location: 5:00

VOD

Have the link to the VOD?

Description

Time

  • Played on: April 1, 2017, 5:29 a.m.
  • Length: 7:05
Show
View Real Time Build Order
Export as new Build Order

StoyanK Zerg 

Build Orders: Hatch First 

Get SALT Encoding   

  12  0:01  Drone  
  13  0:12  Overlord  
  13  0:18  Drone  
  14  0:30  Drone  
  14  0:31  Drone  
  16  0:51  Hatchery  
  16  0:54  Drone  
  16  0:57  Drone  
  16  1:00  Drone  
  18  1:10  Extractor  
  17  1:20  Spawning Pool, Drone  
  17  1:23  Drone  
  18  1:39  Drone  
  19  1:40  Overlord  
  19  1:57  Drone  
  20  2:04  Drone x2  
  20  2:07  Queen x2  
  26  2:15  Zergling x2  
  26  2:16  Zergling x2  
  26  2:19  Metabolic Boost  
  28  2:24  Drone  
  28  2:26  Drone  
  30  2:32  Overlord  
  30  2:40  Zergling x2  
  30  2:43  Zergling x2  
  32  2:50  Queen  
  34  2:52  Queen  
  32  3:16  Zergling x12  
  38  3:28  Drone x5  
  38  3:29  Overlord  
  43  3:38  Roach Warren  
  43  3:39  Spore Crawler  
  43  3:40  Drone  
  42  3:58  Drone x6  
  47  4:03  Spore Crawler  
  47  4:04  Zergling x2  
  40  4:29  Roach x3  
  40  4:30  Roach x4  
  42  4:48  Zergling x4  
  42  4:49  Zergling x6  
  25  5:25  Roach  
  25  5:26  Roach x2  
Show
View Real Time Build Order
Export as new Build Order

defer Protoss - Winner!

Build Orders: Dark Templar Rush 

Get SALT Encoding   

  12  0:01  Probe (Chrono Boost)  
  13  0:14  Pylon  
  13  0:17  Probe (Chrono Boost)  
  14  0:27  Probe (Chrono Boost)  
  15  0:33  Gateway  
  15  0:38  Probe (Chrono Boost)  
  16  0:44  Assimilator  
  16  0:48  Probe (Chrono Boost)  
  17  0:59  Probe (Chrono Boost)  
  18  1:09  Probe (Chrono Boost)  
  19  1:12  Gateway  
  19  1:20  Probe (Chrono Boost)  
  19  1:21  Cybernetics Core  
  20  1:26  Assimilator  
  20  1:30  Probe (Chrono Boost)  
  21  1:34  Pylon  
  21  1:41  Probe (Chrono Boost)  
  21  1:43  Warp Gate  
  22  1:52  Probe (Chrono Boost)  
  23  1:59  Adept x2  
  27  2:17  Twilight Council  
  27  2:22  Gateway  
  27  2:39  Gateway  
  27  2:40  Gateway  
  27  2:56  Dark Shrine  
  27  2:59  Resonating Glaives  
  27  3:22  Pylon x2  
  27  3:45  Adept x2  
  27  3:46  Adept x3  
  33  3:55  Pylon  
  33  4:09  Dark Templar  
  35  4:10  Zealot  
  35  4:11  Zealot x2  
  37  4:31  Dark Templar  
  37  4:32  Zealot x2  
  41  4:55  Zealot x3  
  39  5:04  Stalker  
  37  5:13  Stalker  
  37  5:22  Stalker x2  
  39  5:40  Dark Templar x2  
  39  5:51  Stalker  
  35  6:05  Stalker  
  35  6:06  Stalker  
  35  6:23  Adept  
  35  6:24  Adept x2  
  41  6:37  Adept x2  
  45  6:42  Pylon  
Tags
 
Add a new tag
Caveats
  • Supply blocks, unpowered buildings, or Contaminate may cause inaccurate times.
  • Supply counts are checked every 10 seconds.